 Dungeon Crawl Stone Soup version 0.31.0-9-g3a7656b989 (webtiles) character file.

Game seed: 10627590222062332630

457 qw the Shooter (level 6, -2/30 HPs)
             Began as a Spriggan Hunter on Feb 2, 2024.
             Incinerated by a bombardier beetle (4 damage)
             ... with a burning spray
             ... on level 4 of the Dungeon.
             The game lasted 00:00:11 (2705 turns).

qw the Shooter (Spriggan Hunter)                    Turns: 2705, Time: 00:00:11

Health: -2/30      AC:  4    Str:  5 (7)  XL:     6   Next: 77%
Magic:  7/7        EV: 21    Int:  8 (10) God:
Gold:   194        SH:  0    Dex: 20 (21) Spells: 5/5 levels left

rFire   . . .        a - +2 shortbow (heavy)
rCold   . . .        (shield currently unavailable)
rNeg    . . .        b - +2 robe
rPois   .            (helmet restricted)
rElec   .            (no cloak)
rCorr   .            (gloves unavailable)
SInv    +            (boots unavailable)
Will    +....        (no amulet)
Stlth   +            (no ring)
HPRegen 0.25/turn    (no ring)
MPRegen 0.10/turn

%: no passive effects
@: on fire, glowing, very quick
A: very small, no large weapons, unfitting armour, see invisible, speed 3
a: no special abilities


You were on level 4 of the Dungeon.
You visited 1 branch of the dungeon, and saw 4 of its levels.

You collected 194 gold pieces.


Innate Abilities, Weirdness & Mutations

You are very small and have problems with some larger weapons.
You are too small for most types of armour.
You have supernaturally acute eyesight. (SInv)
You cover ground extremely quickly. (Speed+++)


   Skills:
 - Level 2.0 Fighting
 + Level 6.9 Ranged Weapons
 - Level 6.0 Dodging
 - Level 1.5 Stealth


You had 5 spell levels left.
You didn't know any spells.
Your spell library was empty.

Inventory:

Hand Weapons
 a - a +2 heavy shortbow (weapon)
Armour
 b - a +2 robe (worn)
Potions
 d - a potion of berserk rage {unknown}
 f - 3 potions of heal wounds
 h - a potion of cancellation
 i - 2 potions of curing
 j - a potion of haste {unknown}

Dungeon Overview and Level Annotations

Branches:
Dungeon (4/15)
 Temple: D:4-7

Altars:
Gozag
Zin


Message History

A bombardier beetle comes into view.
You shoot an arrow. The arrow hits the bombardier beetle!
The bombardier beetle is heavily wounded.
The bombardier beetle sprays incendiary fluid at you.
The burning spray hits you.
You are covered in liquid fire!
You shoot an arrow. The arrow hits the bombardier beetle.
The bombardier beetle is almost dead.
The liquid fire burns you!
The bombardier beetle sprays incendiary fluid at you.
The burning spray misses you.
You shoot an arrow.
The arrow barely misses the bombardier beetle.
The liquid fire burns you!
You shoot an arrow.
The arrow barely misses the bombardier beetle.
The liquid fire burns you!
You shoot an arrow. The arrow hits the bombardier beetle.
The bombardier beetle is almost dead.
The liquid fire burns you!
The bombardier beetle sprays incendiary fluid at you.
The burning spray hits you.
You are even more covered in liquid fire!
2699 ||| DRINKING 4 potions of heal wounds.
You feel much better. The liquid fire burns you!
You shoot an arrow. The arrow hits the bombardier beetle!
You kill the bombardier beetle!
The liquid fire burns you!
You are on fire!
The liquid fire burns you!
You are on fire!
The liquid fire burns you!
You are on fire!
The liquid fire burns you!
You are on fire!
The liquid fire burns you!
You are on fire!
The liquid fire burns you!
You die...

... .# #.. ...### # #..
...#.##.## .. .........
.. ##. ....#.# ..###
##..###.....###.....#
#....................
#.#.@....?...........
#.............# #..
#..../.##.......######..
........#>....###...<...
##............##...#....
###.......##..#........
####...###.........).
##................
#....#............


There were no monsters in sight!

Vanquished Creatures
  Sigmund (D:2)
  2 bombardier beetles
  A gnoll bouda (D:3)
  Jessica (D:2)
  An iguana (D:3)
  4 adders
  5 gnolls
  A dart slug (D:2)
  An orc (D:4)
  7 endoplasms
  6 goblins
  3 hobgoblins
  6 jackals
  7 quokkas
  6 ball pythons
  6 bats
  2 frilled lizards
  7 kobolds
  3 rats (D:2)
70 creatures vanquished.

Vanquished Creatures (others)
  A goblin (D:2)
1 creature vanquished.

Grand Total: 71 creatures vanquished

Notes
Turn   | Place    | Note
-------+----------+-------------------------------------------
     0 | D:1      | qw the Spriggan Hunter began the quest for the Orb.
     0 | D:1      | Reached XP level 1. HP: 10/10 MP: 2/2
     0 | D:1      | 0 ||| qw: Version: 0.3-a-155-g5e7d8dd
     0 | D:1      | 0 ||| qw: Game counter: 486
     0 | D:1      | 0 ||| qw: Melee chars always use a shield: true
     0 | D:1      | 0 ||| qw: God list: Okawaru
     0 | D:1      | 0 ||| qw: Allow faded altars: false
     0 | D:1      | 0 ||| qw: Do Orc after clearing Dungeon:15 true
     0 | D:1      | 0 ||| qw: Do second Lair branch before Depths: true
     0 | D:1      | 0 ||| qw: Lair rune preference: random
     0 | D:1      | 0 ||| qw: Goals: Normal
     0 | D:1      | 0 ||| PLANNING D:1-11
    25 | D:1      | Reached skill level 3 in Dodging
   173 | D:1      | Reached XP level 2. HP: 14/14 MP: 3/3
   502 | D:1      | Reached XP level 3. HP: 18/18 MP: 4/4
   546 | D:1      | 546 ||| READING scroll labelled YHAEPS LICS.
   547 | D:1      | 547 ||| READING 2 scrolls labelled LALASU XACOTEAPN.
   547 | D:1      | 547 ||| IDENTIFYING puce potion
   548 | D:1      | 548 ||| READING scroll of identify.
   548 | D:1      | 548 ||| IDENTIFYING brown potion
   549 | D:1      | 549 ||| READING scroll labelled JIYN SUONIAT.
   580 | D:1      | 580 ||| DRINKING 2 fuming puce potions.
   581 | D:1      | 581 ||| DROPPING scroll of butterflies.
   582 | D:1      | 582 ||| DROPPING potion of lignification.
   583 | D:1      | 583 ||| DROPPING potion of ambrosia.
   614 | D:2      | Noticed Sigmund
   619 | D:2      | 619 ||| STAIRDANCE
   628 | D:2      | 628 ||| STAIRDANCE
   673 | D:2      | 673 ||| STAIRDANCE
   695 | D:2      | 695 ||| STAIRDANCE
   697 | D:2      | 697 ||| STAIRDANCE
   699 | D:2      | 699 ||| STAIRDANCE
   701 | D:2      | 701 ||| STAIRDANCE
   703 | D:2      | 703 ||| STAIRDANCE
   705 | D:1      | 705 ||| DRINKING potion of curing.
   705 | D:1      | 705 ||| (to cure confusion)
   744 | D:2      | Killed Sigmund
   745 | D:2      | Reached skill level 6 in Ranged Weapons
   745 | D:2      | Reached XP level 4. HP: 22/22 MP: 5/5
   745 | D:2      | Reached XP level 5. HP: 25/25 MP: 6/6
   841 | D:2      | Noticed Jessica
   844 | D:2      | Killed Jessica
  1178 | D:2      | Found a faded altar of an unknown god.
  1284 | D:2      | Reached XP level 6. HP: 30/30 MP: 7/7
  1668 | D:2      | 1668 ||| UPGRADING to +2 robe.
  1678 | D:2      | 1678 ||| DROPPING +0 robe.
  1679 | D:2      | 1679 ||| READING 2 scrolls of identify.
  1679 | D:2      | 1679 ||| IDENTIFYING clear potion
  1680 | D:2      | 1680 ||| READING scroll of identify.
  1680 | D:2      | 1680 ||| IDENTIFYING emerald potion
  1681 | D:2      | 1681 ||| READING scroll labelled HATZOKK NAPPIL.
  1682 | D:2      | 1682 ||| READING scroll labelled LOVAEM QOKECA.
  1682 | D:2      | 1682 ||| ENCHANTING +0 shortbow.
  1683 | D:2      | 1683 ||| READING scroll labelled NEAMYALUMP.
  1684 | D:2      | 1684 ||| READING scroll labelled UGADOUMOYXT.
  1685 | D:2      | 1685 ||| DRINKING 2 dark potions.
  1686 | D:2      | 1686 ||| DROPPING potion of degeneration.
  1861 | D:3      | Found an opulent altar of Gozag.
  1997 | D:3      | 1997 ||| READING scroll of enchant weapon.
  1997 | D:3      | 1997 ||| ENCHANTING +1 shortbow.
  2330 | D:3      | Found a glowing silver altar of Zin.
  2494 | D:3      | 2494 ||| READING 2 scrolls labelled TAMETA JOCOB.
  2495 | D:3      | 2495 ||| READING scroll labelled DIUPPE KAORRESO.
  2496 | D:3      | 2496 ||| READING scroll labelled PUIWKE BABIMP.
  2496 | D:3      | 2496 ||| BRANDING +2 shortbow.
  2497 | D:3      | 2497 ||| DROPPING scroll of revelation.
  2545 | D:4      | 2545 ||| PLANNING OSSUARY
  2548 | D:4      | Reached skill level 6 in Dodging
  2548 | D:4      | 2548 ||| STAIRDANCE
  2561 | D:4      | 2561 ||| STAIRDANCE
  2604 | D:4      | 2604 ||| STAIRDANCE
  2626 | D:4      | 2626 ||| STAIRDANCE
  2698 | D:4      | HP: 5/30 [burnt (8)]
  2699 | D:4      | 2699 ||| DRINKING 4 potions of heal wounds.
  2703 | D:4      | HP: 5/30 [burnt (4)]
  2704 | D:4      | HP: 2/30 [burnt (4)]
  2705 | D:4      | Incinerated by a bombardier beetle

Levels and vault maps discovered:
D:1:      eino_arrival_tree_alley, layout_basic
D:2:      layout_loops_corners, ebering_ecumenical_altar_mist, uniq_jessica,
          uniq_sigmund
D:3:      layout_basic, overflow_temple_1_default,
          mainiacjoe_overflow_concentric_impassable, chequers_arboretum,
          chequers_mini_garden, minmay_misc_feat_four_crosses
D:4:      layout_cave_pools, mainiacjoe_overflow_tiny_flanked, enter_ossuary_3

Skill      XL: |  1  2  3  4  5  6 |
---------------+-------------------+-----
Dodging        | 3 4 5 6 |  6.0
Ranged Weapons | 6 |  6.9
Fighting       | 2 |  2.0
Stealth        | |  1.5

Action                     |  1- 3 |  4- 6 || total
---------------------------+-------+-------++-------
   Fire: Shortbow          |    90 |   122 ||   212
    Use: Scroll            |     4 |    10 ||    14
         Potion            |     2 |     2 ||     4
 Armour: Robe              |    13 |    17 ||    30
  Dodge: Dodged            |    41 |    47 ||    88

Table legend:
 A = Non-vault XP
 B = Vault XP
 C = Vault XP percentage of total XP
 D = Non-vault monster count
 E = Vault monster count
 F = Vault count percentage of total count
                 A         B        C        D         E       F
            +---------+---------+-------+---------+---------+-------
      Total |     377 |     276 |  42.3 |      68 |       2 |   2.9
            +---------+---------+-------+---------+---------+-------
        D:1 |      43 |       0 |   0.0 |      25 |       0 |   0.0
        D:2 |      81 |     276 |  77.3 |      27 |       2 |   6.9
        D:3 |     168 |       0 |   0.0 |      11 |       0 |   0.0
        D:4 |      85 |       0 |   0.0 |       5 |       0 |   0.0
            +---------+---------+-------+---------+---------+-------
